Map: [G8] Gresvan

Players

Cure - Winner!

  • Race: Terran Terran
  • Spawn Location: 11:00

Dark

  • Race: Zerg Zerg
  • Spawn Location: 5:00

Event: Gamers8 2023

VOD

Have the link to the VOD?

Description

Time

  • Played on: Aug. 4, 2023, 4:11 p.m.
  • Length: 12:15

All games in this series

Show
View Real Time Build Order
Export as new Build Order

Cure Terran - Winner!

Build Orders:  

Get SALT Encoding   

  12  0:00  SCV  
  13  0:12  SCV  
  14  0:18  Supply Depot  
  14  0:24  SCV  
  15  0:39  SCV  
  15  0:41  Barracks  
  16  0:43  Refinery  
  16  0:51  SCV  
  17  0:59  Barracks  
  17  1:03  SCV  
  18  1:15  SCV  
  19  1:28  Orbital Command, Reaper  
  19  1:31  Supply Depot  
  20  1:46  Reaper  
  21  1:54  SCV  
  22  2:04  Reaper  
  22  2:06  SCV  
  24  2:11  Command Center  
  24  2:17  Refinery  
  24  2:18  SCV  
  25  2:30  SCV  
  26  2:42  SCV  
  27  2:44  Factory  
  27  2:52  Barracks Reactor  
  27  2:54  SCV  
  28  2:58  Barracks Tech Lab  
  28  3:01  Marine x2  
  30  3:08  SCV  
  30  3:12  Command Center  
  31  3:22  Barracks Reactor, Barracks Tech Lab  
  31  3:28  SCV  
  31  3:30  Orbital Command  
  32  3:38  Starport  
  32  3:42  SCV  
  32  3:46  Factory Tech Lab  
  33  3:54  Marine, SCV  
  34  3:56  SCV, Stimpack  
  34  3:58  Marine x2  
  37  4:08  SCV  
  37  4:09  SCV  
  39  4:17  Marine x3  
  39  4:22  SCV x2  
  39  4:23  Cloaking Field, Banshee  
  47  4:29  Orbital Command  
  47  4:32  Factory Reactor  
  47  4:34  SCV x2  
  47  4:35  Marine x2  
  47  4:36  Marine  
  52  4:40  Supply Depot  
  52  4:46  SCV x2  
  54  4:53  Marine x3  
  54  4:56  SCV, Supply Depot  
  54  4:58  SCV x2  
  60  5:01  Refinery  
  60  5:06  Banshee  
  63  5:09  Engineering Bay  
  63  5:10  SCV x2, Engineering Bay  
  63  5:11  SCV  
  63  5:14  Marine x3  
  68  5:23  SCV  
  68  5:25  SCV  
  69  5:30  Refinery, Supply Depot  
  69  5:33  Marine x3  
  72  5:36  SCV  
  72  5:37  SCV  
  72  5:38  Barracks, Terran Infantry Armor Level 1, Terran Infantry Weapons Level 1  
  72  5:42  Orbital Command  
  74  5:44  Combat Shield  
  74  5:53  SCV x2, Supply Depot  
  74  5:54  Barracks  
  74  5:55  Barracks  
  74  5:56  Marine x2  
  74  5:57  Marine  
  78  6:01  Medivac x2  
  83  6:06  SCV  
  83  6:07  SCV  
  85  6:12  Supply Depot x2  
  85  6:14  Siege Tank  
  89  6:21  SCV  
  89  6:22  Supply Depot  
  89  6:23  Marine x3  
  89  6:25  SCV  
  93  6:26  Barracks Reactor  
  93  6:39  SCV x3  
  94  6:47  Marine x2  
  94  6:51  SCV x3  
  94  6:53  Siege Tank  
  94  6:54  Barracks Reactor x2  
  100  6:56  Medivac x2  
  104  7:03  SCV x3  
  104  7:06  Marine x4  
  104  7:07  Marine  
  112  7:11  Supply Depot  
  112  7:12  Armory  
  110  7:15  SCV x2  
  110  7:16  SCV  
  110  7:19  Supply Depot  
  113  7:24  Marine  
  113  7:25  Marine x3, Supply Depot  
  117  7:32  Siege Tank, Marine, SCV x3  
  117  7:36  Marine x4  
  122  7:42  Marine x3  
  122  7:43  Supply Depot  
  127  7:44  Supply Depot  
  127  7:48  Marine  
  127  7:50  Marine  
  128  7:53  SCV x2  
  128  7:54  Marine x4, SCV  
  135  8:00  Marine x3  
  136  8:05  Marine  
  136  8:07  Terran Infantry Armor Level 2  
  136  8:10  Terran Infantry Weapons Level 2  
  137  8:19  Marine x4  
  141  8:25  Marine x4  
  141  8:26  Siege Tank, Marine  
  149  8:30  Supply Depot  
  149  8:31  Supply Depot  
  149  8:34  Command Center  
  149  8:37  Marine  
  150  8:41  Supply Depot  
  150  8:46  Marine x6  
  156  8:52  Medivac x2  
  160  8:55  Barracks x2  
  160  8:57  Barracks  
  160  8:59  Supply Depot  
  160  9:00  Supply Depot  
  160  9:07  Marine x8  
  160  9:09  Siege Tank  
  170  9:12  Marine  
  170  9:15  Sensor Tower  
  171  9:22  Medivac x2  
  175  9:25  Marine  
  175  9:31  Marine x6  
  177  9:33  Marine x2  
  182  9:43  Siege Tank, Marine  
  186  9:48  Marine x2  
  186  9:49  Marine x2  
  186  9:52  Medivac x2  
  197  9:56  Barracks Reactor x3  
  197  9:58  Marine x2, SCV x3  
  197  9:59  Marine  
  200  10:16  Barracks Tech Lab x3  
  200  10:18  Planetary Fortress, Refinery  
  200  10:19  Refinery  
  200  10:21  Command Center  
  200  10:24  Factory  
  188  10:43  Marauder x3, Marine x4  
  188  10:44  Siege Tank  
  185  10:51  Marauder, Marine x4  
  185  10:54  SCV x2  
  185  10:56  SCV  
  194  11:01  Marine x2  
  196  11:04  Marauder x2  
  200  11:18  Factory Tech Lab  
  200  11:19  Concussive Shells  
  200  11:31  Command Center  
  200  11:37  Siege Tank  
  198  11:44  Marauder  
  200  11:50  Marine x3  
  200  11:51  Missile Turret  
  199  11:57  Marine x3  
Show
View Real Time Build Order
Export as new Build Order

Dark Zerg 

Build Orders: Hatch First 

Get SALT Encoding   

  12  0:00  Drone  
  13  0:12  Overlord  
  13  0:17  Drone  
  14  0:30  Drone x2  
  16  0:50  Hatchery  
  16  0:52  Drone  
  16  0:56  Drone  
  17  1:03  Drone  
  18  1:10  Extractor  
  17  1:14  Spawning Pool  
  17  1:16  Drone  
  17  1:19  Drone  
  18  1:28  Drone  
  19  1:40  Drone  
  20  1:49  Drone  
  21  2:01  Queen x2  
  21  2:02  Zergling x4  
  27  2:12  Zergling x2  
  27  2:13  Overlord  
  28  2:20  Hatchery  
  27  2:25  Drone  
  28  2:33  Drone x2  
  30  2:37  Queen  
  32  2:48  Overlord  
  32  2:49  Drone x2  
  34  2:57  Zergling x2  
  35  3:05  Drone  
  36  3:07  Metabolic Boost, Drone  
  36  3:09  Drone x4  
  41  3:19  Hatchery  
  40  3:21  Queen  
  40  3:24  Zergling x4  
  44  3:36  Overlord  
  44  3:38  Overlord  
  44  3:49  Overlord  
  44  3:51  Overlord  
  44  3:53  Overlord  
  44  3:55  Drone x4  
  48  3:58  Drone x2  
  48  3:59  Drone  
  48  4:01  Queen  
  53  4:05  Drone  
  53  4:07  Drone  
  55  4:13  Drone  
  56  4:19  Drone  
  57  4:24  Drone  
  57  4:28  Drone  
  57  4:29  Hatchery  
  57  4:31  Queen  
  58  4:32  Drone x4  
  58  4:35  Drone  
  58  4:37  Drone  
  66  4:41  Queen  
  66  4:44  Drone  
  68  4:47  Drone x2  
  68  4:48  Drone  
  71  4:54  Drone x3  
  71  4:59  Drone x2  
  76  5:01  Evolution Chamber x2, Drone  
  76  5:02  Extractor  
  76  5:03  Extractor  
  76  5:04  Drone  
  76  5:05  Drone  
  75  5:14  Drone  
  75  5:18  Drone x6  
  75  5:21  Drone  
  81  5:28  Zerg Ground Armor Level 1, Zerg Melee Weapons Level 1  
  80  5:32  Drone x2  
  82  5:36  Hatchery  
  82  5:38  Overlord  
  82  5:39  Zergling x10  
  82  5:42  Lair  
  86  5:46  Hatchery  
  85  5:53  Zergling x12  
  85  5:54  Baneling Nest  
  85  5:56  Drone  
  85  5:57  Drone x2  
  93  5:58  Extractor  
  93  6:02  Zergling x10  
  97  6:05  Drone  
  97  6:06  Drone x2  
  97  6:08  Drone x2  
  97  6:10  Drone x2  
  104  6:13  Overlord  
  104  6:17  Overlord  
  104  6:18  Overlord  
  104  6:23  Overlord  
  104  6:32  Spore Crawler  
  98  6:33  Spore Crawler  
  98  6:34  Drone  
  98  6:37  Spore Crawler, Drone x4  
  98  6:38  Drone x5  
  99  6:41  Drone x2  
  99  6:46  Drone x3  
  97  6:50  Drone x2  
  97  6:53  Drone x3  
  92  6:56  Drone x2  
  94  7:08  Zergling x14  
  99  7:17  Centrifugal Hooks  
  99  7:20  Zergling x16  
  107  7:25  Zerg Ground Armor Level 2  
  107  7:33  Zergling x8  
  107  7:36  Zergling x6  
  105  7:41  Zergling x4  
  105  7:42  Overseer, Zergling x6  
  108  7:46  Zergling x4  
  108  7:50  Drone x6  
  112  7:55  Drone x3  
  112  7:58  Drone x3  
  118  8:04  Drone x3  
  118  8:05  Infestation Pit, Baneling x6  
  118  8:07  Zergling x4  
  118  8:10  Zergling x8  
  118  8:12  Drone  
  125  8:15  Zergling x8  
  129  8:23  Zergling x18  
  129  8:26  Baneling  
  137  8:28  Baneling x10  
  136  8:37  Zergling x2  
  136  8:38  Hatchery, Zergling x6  
  136  8:39  Burrow  
  139  8:46  Zerg Melee Weapons Level 2  
  139  8:52  Baneling x3, Overlord x2  
  139  8:53  Drone x3  
  142  8:56  Hive  
  140  9:03  Overlord  
  140  9:07  Zergling x2  
  140  9:08  Zergling x10  
  142  9:10  Drone x2  
  142  9:12  Zergling x16  
  142  9:14  Baneling x3  
  142  9:15  Drone  
  153  9:21  Zergling x10  
  153  9:22  Zergling x4  
  160  9:31  Zergling x8  
  160  9:35  Zergling x4  
  160  9:37  Overlord  
  165  9:38  Overlord  
  165  9:39  Overlord  
  165  9:45  Overlord x2  
  165  9:48  Baneling x13  
  165  9:51  Zergling x12  
  171  9:55  Zergling x6  
  173  10:03  Zergling x26  
  178  10:13  Zergling x14  
  182  10:16  Viper x2  
  182  10:17  Adrenal Glands  
  186  10:25  Zergling x8  
  190  10:31  Zergling x16  
  189  10:44  Overseer  
  189  10:45  Zergling x18  
  189  10:48  Zergling x2  
  188  10:56  Zergling x2  
  188  10:57  Zergling x6, Baneling x13  
  189  10:58  Zergling x6  
  189  11:03  Zergling x8  
  194  11:07  Drone x2  
  194  11:08  Drone  
  184  11:16  Zergling x8  
  187  11:20  Hatchery  
  187  11:21  Baneling x2, Overlord  
  187  11:23  Zergling x2  
  186  11:26  Zergling x2  
  179  11:37  Zergling x14  
  179  11:38  Zergling x2  
  179  11:39  Zergling x6  
  181  11:40  Baneling  
  181  11:41  Baneling x5  
  181  11:44  Zergling x2  
  174  11:48  Zergling x4  
  174  11:50  Zergling x6  
Tags
 
Add a new tag
Caveats
  • Supply blocks, unpowered buildings, or Contaminate may cause inaccurate times.
  • Supply counts are checked every 10 seconds.